 Dungeon Crawl Stone Soup version 0.31-a0-202-g547052bce9 (webtiles) character file.

Game seed: 4972029132103429344

21 qw the Shooter (level 2, 0/16 HPs)
             Began as a Deep Elf Hunter on June 26, 2023.
             Succumbed to their own poison gas
             ... on level 1 of the Dungeon.
             The game lasted 00:00:16 (749 turns).

qw the Shooter (Deep Elf Hunter)                     Turns: 749, Time: 00:00:17

Health: 0/16       AC:  4    Str:  8    XL:     2   Next: 65%
Magic:  4/4        EV: 12    Int: 13    God:
Gold:   90         SH:  0    Dex: 18    Spells: 1/1 levels left

rFire   . . .        Y - +0 shortbow
rCold   . . .        (shield currently unavailable)
rNeg    . . .        c - +0 leather armour
rPois   .            (no helmet)
rElec   .            (no cloak)
rCorr   .            f - +0 pair of gloves {infuse}
SInv    .            (no boots)
Will    .....        (no amulet)
Stlth   ++           (no ring)
HPRegen 0.22/turn    (no ring)
MPRegen 0.09/turn

%: infuse magic (1 MP)
@: lethally poisoned (0 -> -6)
A: no striking features
a: no special abilities


You were on level 1 of the Dungeon.
You visited 1 branch of the dungeon, and saw 1 of its levels.

You collected 90 gold pieces.


   Skills:
 - Level 1.5 Fighting
 + Level 6.4 Ranged Weapons
 - Level 2.4 Dodging
 - Level 1.2 Stealth


You had one spell level left.
You didn't know any spells.
Your spell library was empty.

Inventory:

Hand Weapons
 Y - a +0 shortbow (weapon)
Armour
 c - a +0 leather armour (worn)
 f - a +0 pair of gloves of infusion (worn)

Dungeon Overview and Level Annotations

Branches:
Dungeon (1/15)

Altars:


Message History

Enter note:
Enter note:
Enter note: Done exploring.
744 ||| DROPPING scroll of butterflies.
You drop a scroll of butterflies.
Done exploring.
745 ||| DROPPING 2 scrolls of poison.
You drop 2 scrolls of poison.
Done exploring.
(D) Dungeon
Where to? (* - list waypoints, ? - help)
What level of the Dungeon? (default 1, ? - help) Sorry, I don't know how to get there.
Enter note:
Enter note:
Enter note:
Enter note:
Enter note:
Enter note:
Enter note:
Enter note:
Enter note:
Enter note:
Enter note:
Enter note:
Enter note:
Enter note:
Enter note: Really walk into that cloud of poison gas?
You are engulfed in poison gas.
You are poisoned.
Ouch! That really hurt!
You feel very sick.
747 ||| Stepping ~*~*~tactically~*~*~ (cloud).
You feel very sick.
Things that are here:
2 scrolls of poison; a scroll of butterflies
There is a lethal amount of poison in your body!
You feel sick.
There is a lethal amount of poison in your body!
You die...

#...##......................#.###
................................>
.....................###.####.##.
.......................#.# #.##.
.....................#.#.# #.##.
........############.#.#.# #.##.
...........###¤0¤###.#.#.# #.##.
...###..##¤###¤¤¤###¤#0#.####....
#.........¤0¤0¤¤@00000¤0.........
######......####¤¤¤0¤#.#..######.
#......####¤¤¤0¤#.#..#######
######......####¤0¤¤0#.#.........
.........###.#.####¤¤¤¤..########
.#####.#.####.#.###¤#¤¤#.########
.......#.###.#.####.#00#.##.....#
.........####.#.###.#.¤¤.##.....#
.####)##....####....#....##.<##.#


There were no monsters in sight!

Vanquished Creatures
  2 giant cockroaches (D:1)
  4 goblins (D:1)
  A quokka (D:1)
  6 ball pythons (D:1)
  4 bats (D:1)
  A frilled lizard (D:1)
  A kobold (D:1)
  A rat (D:1)
20 creatures vanquished.

Notes
Turn   | Place    | Note
-------+----------+-------------------------------------------
     0 | D:1      | qw the Deep Elf Hunter began the quest for the Orb.
     0 | D:1      | Reached XP level 1. HP: 12/12 MP: 3/3
     0 | D:1      | 0 ||| qw: Version: 0.3-a-22-g0ed2b0b
     0 | D:1      | 0 ||| qw: Game counter: 5967
     0 | D:1      | 0 ||| qw: Melee chars always use a shield: true
     0 | D:1      | 0 ||| qw: God list: Okawaru
     0 | D:1      | 0 ||| qw: Allow faded altars: false
     0 | D:1      | 0 ||| qw: Do Orc after clearing Dungeon:15 true
     0 | D:1      | 0 ||| qw: Do second Lair branch before Depths: true
     0 | D:1      | 0 ||| qw: Lair rune preference: random
     0 | D:1      | 0 ||| qw: Goals: Normal
     0 | D:1      | 0 ||| PLANNING D:1-11
   188 | D:1      | Reached skill level 6 in Ranged Weapons
   188 | D:1      | Reached XP level 2. HP: 13/16 MP: 4/4
   735 | D:1      | 735 ||| UPGRADING to +0 pair of gloves of infusion.
   740 | D:1      | 740 ||| READING scroll labelled GONEILASUB.
   741 | D:1      | 741 ||| READING 3 scrolls labelled ODWEFR VIBAEJA.
   742 | D:1      | 742 ||| READING scroll labelled DOPOER ETSIFY.
   743 | D:1      | 743 ||| READING scroll labelled MUGUHIMORGH.
   744 | D:1      | 744 ||| DROPPING scroll of butterflies.
   745 | D:1      | 745 ||| DROPPING 2 scrolls of poison.
   747 | D:1      | 747 ||| Stepping ~*~*~tactically~*~*~ (cloud).
   747 | D:1      | HP: 2/16 [poisoned by you (poison gas)]
   749 | D:1      | Succumbed to their own poison gas

Levels and vault maps discovered:
D:1:      dpeg_arrival_rooms_b, layout_basic, minivault_24

Skill      XL: |  1 |
---------------+----+-----
Ranged Weapons | 6 |  6.4
Fighting       | |  1.5
Dodging        | |  2.4
Stealth        | |  1.2

Action                     || total
---------------------------++-------
   Fire: Shortbow          ||    55
    Use: Scroll            ||     4
 Armour: Leather armour    ||     6
  Dodge: Dodged            ||     5

Table legend:
 A = Non-vault XP
 B = Vault XP
 C = Vault XP percentage of total XP
 D = Non-vault monster count
 E = Vault monster count
 F = Vault count percentage of total count
                 A         B        C        D         E       F
            +---------+---------+-------+---------+---------+-------
      Total |      31 |       0 |   0.0 |      20 |       0 |   0.0
            +---------+---------+-------+---------+---------+-------
        D:1 |      31 |       0 |   0.0 |      20 |       0 |   0.0
            +---------+---------+-------+---------+---------+-------
